 Dungeon Crawl Stone Soup version 0.22-a0-322-g60b3cfd402 (webtiles) character file.

2496797 Wyvric the Hoplite (level 27, 184/201 HPs)
             Began as an Octopode Venom Mage on Mar 30, 2018.
             Was the Champion of Ru.
             Escaped with the Orb
             ... and 5 runes on Apr 2, 2018!
             The game lasted 09:58:01 (104133 turns).

Wyvric the Hoplite (Octopode Venom Mage)          Turns: 104133, Time: 09:58:02

Health: 184/201    AC: 11    Str:  8    XL:     27
Magic:  68/71      EV: 20    Int: 33    God:    Ru [******]
Gold:   5217       SH: 36    Dex: 10    Spells: 0/68 levels left

rFire    + + +     SeeInvis +   a - +3 Elemental Staff {rElec rF++ rC++ MR++ AC+5}
rCold    + + .     Gourm    .   s - +8 large shield
rNeg     + . .     Faith    .   V - +3 hat of Pondering {ponderous, MR+ MP+10 Int+5}
rPois    +         Spirit   .   i - +6 amulet of reflection
rElec    +         Reflect  +   K - ring of protection from fire
rCorr    .         Harm     .   S - ring of see invisible
MR       +++++                  Y - ring of positive energy
Stlth    +.........             I - ring of protection from cold
HPRegen  0.43/turn              v - +2 ring of protection
MPRegen  0.42/turn              P - ring of protection from fire
                                R - ring of magical power
                                x - ring of magical power

@: exhausted, deflect missiles, slow
A: almost no armour, stealthy swim, amphibious, 8 rings, constrict 8, camouflage
1, clumsy 2, low mp 1, poison resistance, screaming 3, gelatinous body 1,
inability to use devices, hated by all, cowardly, temperature sensitive
0: Orb of Zot
}: 5/15 runes: decaying, serpentine, slimy, silver, abyssal
a: Draw Out Power, Power Leap, Apocalypse, Renounce Religion


You escaped.
You worshipped Ru.
Ru was exalted by your worship.
You were not hungry.

You visited 11 branches of the dungeon, and saw 55 of its levels.
You visited the Abyss 2 times.
You also visited: Labyrinth, Trove, Bailey and Volcano.

You collected 8852 gold pieces.
You spent 3635 gold pieces at shops.

Inventory:

Hand Weapons
 a - the +3 Elemental Staff (weapon) {rElec rF++ rC++ MR++ AC+5}
   (You found it in a treasure trove)

   It affects your AC (+5).
   It greatly protects you from fire.
   It greatly protects you from cold.
   It insulates you from electricity.
   It affects your resistance to hostile enchantments.
 b - the +8 demon trident of the Well-Known Planets {freeze, MP+9 Int+4 Dex+3 Stlth+}
   (You found it in a treasure trove)

   It has been specially enchanted to freeze those struck by it, causing extra
   injury to most foes and up to half again as much damage against particularly
   susceptible opponents.
   It can also slow down cold-blooded creatures.
   It affects your intelligence (+4).
   It affects your dexterity (+3).
   It affects your magic capacity (+9).
   It makes you more stealthy.
 w - the +8 autumn katana {slice, Clar}
   (You found it on level 3 of the Depths)

   It inflicts extra damage upon your enemies.
   It protects you against confusion.
Missiles
 c - 25 poisoned javelins (quivered)
 l - 4 javelins of penetration
 X - 4 throwing nets
Armour
 s - a +8 large shield (worn)
 D - the +6 large shield of Past Mistakes {rF- rN++ Str+4 Slay+4}
   (You found it on level 1 of the Depths)

   It affects your strength (+4).
   It affects your accuracy and damage with ranged weapons and melee attacks
   (+4).
   It makes you vulnerable to fire.
   It greatly protects you from negative energy.
 V - the +3 hat of Pondering (worn) {ponderous, MR+ MP+10 Int+5}
   (You took it off Gastronok on level 8 of the Dungeon)

   It affects your intelligence (+5).
   It affects your resistance to hostile enchantments.
   It affects your magic capacity (+10).
Jewellery
 d - an uncursed ring of resist corrosion
 i - a +6 amulet of reflection (around mantle)
 p - an uncursed ring of wizardry
 v - a +2 ring of protection (on tentacle)
 x - a ring of magical power (on tentacle)
 I - a ring of protection from cold (on tentacle)
 J - an uncursed ring of positive energy
 K - a ring of protection from fire (left tentacle)
 M - the ring of Mistrust {+Fly MR+ Dex+4 Stlth+}
   (You found it on level 5 of the Vaults)

   [ring of stealth]

   It affects your dexterity (+4).
   It affects your resistance to hostile enchantments.
   It lets you fly.
   It makes you more stealthy.
 N - an uncursed ring of protection from fire
 P - a ring of protection from fire (on tentacle)
 R - a ring of magical power (on tentacle)
 S - a ring of see invisible (right tentacle)
 Y - a ring of positive energy (on tentacle)
Scrolls
 e - 7 scrolls of fear
 h - 31 scrolls of teleportation
 j - 2 scrolls of silence
 k - 4 scrolls of torment
 o - 2 scrolls of magic mapping
 q - 25 scrolls of remove curse
 r - 7 scrolls of blinking
 y - 7 scrolls of vulnerability
 z - 9 scrolls of identify
 A - 7 scrolls of fog
 C - 4 scrolls of enchant weapon
 L - 4 scrolls of immolation
 T - a scroll of enchant armour
 Z - 2 scrolls of amnesia
Potions
 f - 13 potions of mutation
 g - 2 potions of ambrosia
 m - 11 potions of berserk rage
 n - 2 potions of heal wounds
 t - 19 potions of curing
 u - 3 potions of agility
 B - 11 potions of flight
 E - 5 potions of haste
 F - 8 potions of might
 G - 2 potions of resistance
 O - 3 potions of cancellation
 Q - a potion of magic
 U - 7 potions of lignification
 W - 8 potions of brilliance
Comestibles
 H - 38 rations


   Skills:
 + Level 20.2 Fighting
 - Level 14.0 Polearms
 - Level 15.0 Dodging
 - Level 3.0 Stealth
 - Level 25.0 Shields
 - Level 21.0 Spellcasting
 - Level 18.0 Conjurations
 - Level 6.0 Charms
 - Level 3.0 Transmutations
   Level 9.0 Fire Magic
 - Level 7.1 Air Magic
 - Level 16.0 Earth Magic
   Level 9.0 Poison Magic


You couldn't memorise any spells.
You knew the following spells:

 Your Spells              Type           Power        Failure   Level  Hunger
a - Orb of Destruction    Conj           ########..   1%          7    #......
b - Iron Shot             Conj/Erth      #######...   1%          6    None
c - Lehudib's Crystal Sp  Conj/Erth      #######...   5%          8    ####...
d - Borgnjor's Vile Clut  Necr/Erth      ######....   1%          5    None
e - Lee's Rapid Deconstr  Erth           #######...   1%          5    None
g - Conjure Ball Lightni  Conj/Air       #######...   1%          6    None
h - Apportation           Tloc           ####..       1%          1    None
i - Swiftness             Chrm/Air       ######..     1%          2    None
j - Passage of Golubria   Tloc           N/A          9%          4    None
k - Blink                 Tloc           N/A          1%          2    None
l - Iskenderun's Battles  Conj/Chrm      #######.     1%          5    None
n - Regeneration          Chrm/Necr      ######....   1%          3    None
p - Passwall              Tmut/Erth      #######...   1%          2    None
u - Statue Form           Tmut/Erth      #######..    2%          6    None
y - Deflect Missiles      Chrm/Air       ######....   10%         6    None


Dungeon Overview and Level Annotations

Branches:
Dungeon (15/15)            Temple (1/1) D:4            Lair (6/6) D:9
  Swamp (4/4) Lair:2        Snake (4/4) Lair:2        Slime (5/5) Lair:5
    Orc (2/2) D:11            Elf (3/3) Orc:2        Vaults (5/5) D:13
  Crypt (0/3) Vaults:2     Depths (5/5) D:15            Zot (5/5) Depths:5

Altars:
Kikubaaqudgha
Okawaru
Ru
Uskayaw
Vehumet
Zin
The Shining One
Jiyva

Shops:
D:4 *%   D:6 (   D:10 (   Orc:2 *=[(   Snake:2 }=   Vaults:1 [   Vaults:4 *
Depths:5 *

Portals:
Hell: Depths:1 Depths:2 Depths:3 Depths:4 Depths:5
Abyss: Depths:2 Depths:3 Depths:4
Pandemonium: Depths:1 Depths:3
Ziggurat: Depths:2

Annotations:
D:3 exclusion: downstairs


Innate Abilities, Weirdness & Mutations

You cannot wear most types of armour.
You are very stealthy in the water. (Stealth+)
You are amphibious.
You can wear up to eight rings at the same time.
You can use your tentacles to constrict eight enemies at once.
Your skin changes colour to match your surroundings (Stealth+).
Your rubbery body absorbs attacks. (AC +1, EV +1)
You cannot study or use magical devices.
You are hated by all.
Your cowardice makes you less effective in combat with threatening monsters.
You are sensitive to extremes of temperature. (rF-, rC-)
You are very clumsy. (Dex -4)
Your magical capacity is low. (-10% MP)
Your system is resistant to poisons. (rPois)
You frequently scream uncontrollably at your foes.


Message History

You block the Orb Guardian's attack.
The hell hog begins to attack, but is stunned by your will!
You redirect the hell hog's attack!
The hell hog breathes fire at you.
The fireball explodes!
The fireball engulfs the hell hog.
The hell hog resists.
The fireball engulfs you! You resist.
The fireball engulfs the hell hog.
The hell hog resists.
You focus your will and slow the hell hog in retribution!
You redirect the hell hog's attack!
You block the hell hog's attack.
The hell hog is stunned by your will and fails to attack.
You redirect the hell hog's attack!
You block the hell hog's attack.
There is a staircase leading out of the dungeon here.
You redirect the hell hog's attack!
The hell hog breathes fire at you.
The fireball explodes!
The fireball engulfs you! You resist.
The fireball engulfs the hell hog.
The hell hog resists.
You focus your will and blind the hell hog in retribution!
You have escaped!

#.#### #..# ###>##.#
#....## ##.###...##.#
##.#...######.....####.#
#.................## #.#
#.......#.......#..###.#
#......###......##.....#
#.......#h......######.#
#.......hh......# #.#
#[..#..@#...#..## #.#
##..###.###.###.# ##.#
#....#...#>..#..### #...
#.................####...
#........#...............
#.......###..............
#........#......###......
#...............# #####..
#...#########.### ##..


You could see 3 hell hogs.

Vanquished Creatures
  Dissolution (Slime:3)
  the Royal Jelly (Slime:5)
  Mara (Vaults:3)
  4 ancient liches (Zot:5)
  8 orbs of fire (Zot:5)
  A shard shrike (Zot:4)
  Bai Suzhen (Snake:3)
  A curse toe (Zot:3)
  Saint Roka (Orc:2)
  Vashnia (Snake:2)
  2 Killer Klowns (Zot:5)
  9 golden dragons
  A Tzitzimitl (D:5)
  A Brimstone Fiend (D:9)
  6 electric golems
  A hellephant (Zot:4)
  14 tentacled monstrosities
  An Ice Fiend (Zot:2)
  6 quicksilver dragons
  5 deep elf blademasters
  5 liches
  24 Orb Guardians (Zot:5)
  Asterion (Depths:2)
  8 titans
  3 deep elf master archers (Elf:3)
  An Executioner (Abyss:3)
  20 acid blobs
  3 tentacled starspawn (Abyss:3)
  7 death cobs
  2 sphinxes
  The ghost of SpaceButler the Warrior, an adept MiMo of Elyvilon (Swamp:4)
  Gastronok (D:8)
  Agnes (Snake:1)
  9 tengu reavers
  10 shadow dragons
  12 storm dragons
  8 nagarajas (Snake:4)
  3 draconian monks
  An azure jelly (shapeshifter) (Depths:3)
  7 draconian scorchers
  17 frost giants
  9 azure jellies
  17 vault wardens
  2 iron dragons
  Aizul (Snake:1)
  2 draconian knights
  A frost giant (shapeshifter) (Depths:3)
  8 ghost moths
  11 fire giants
  An orc warlord (Orc:2)
  2 balrugs
  A ghost moth (shapeshifter) (Depths:3)
  3 draconian stormcallers
  10 deep elf sorcerers
  6 draconian shifters
  4 deep elf elementalists (Elf:3)
  Louise (Elf:3)
  5 draconian annihilators
  2 curse skulls (Vaults:2)
  10 ironheart preservers
  12 stone giants
  An ophan (Abyss:3)
  5 war gargoyles
  5 deep elf demonologists
  2 reapers (Abyss:3)
  Nessos (Lair:5)
  28 very ugly things
  An entropy weaver (Vaults:4)
  An entropy weaver (shapeshifter) (Depths:3)
  10 green draconians
  7 white draconians
  8 black draconians
  8 deep elf annihilators
  2 vampire knights (Depths:5)
  A dire elephant (Lair:5)
  10 purple draconians
  8 red draconians
  A minotaur (Lab)
  2 spark wasps
  10 yellow draconians
  11 ettins
  A blizzard demon (Depths:3)
  19 yaktaur captains
  6 deep elf death magi
  A jiangshi (Vaults:2)
  10 death oozes (Slime:5)
  14 fire dragons
  10 crystal guardians (Depths:3)
  11 small abominations
  14 naga warriors
  31 vault guards
  38 hydras
  5 deep elf high priests
  4 rakshasas
  17 ice dragons
  9 great orbs of eyes
  4 spriggan air magi
  A ghost crab (Swamp:3)
  A two-headed ogre (shapeshifter) (Vaults:4)
  A catoblepas (shapeshifter) (Vaults:4)
  39 two-headed ogres
  3 death knights
  20 anacondas
  6 centaur warriors
  7 alligators
  8 deep troll shamans
  A catoblepas (D:14)
  49 dancing weapons
  An alligator (shapeshifter) (Vaults:4)
  14 ogre magi
  6 tengu warriors
  3 death yaks
  2 orc high priests
  A titan zombie (Abyss:3)
  3 thrashing horrors
  An iron golem (Depths:3)
  9 deep troll earth magi
  2 spriggan berserkers (Depths:5)
  2 vampire magi
  6 shock serpents
  4 sun demons
  Sonja (D:15)
  29 deep elf knights
  15 naga sharpshooters
  4 iron trolls
  A fire crab (shapeshifter) (Depths:2)
  10 hell knights
  3 spatial maelstroms (Abyss:3)
  2 sixfirhies (Abyss:3)
  4 shadow wraiths
  8 wretched stars (Abyss:3)
  2 sea snakes (shapeshifter)
  4 salamander mystics
  7 skeletal warriors
  2 shadow demons
  A spriggan druid (Swamp:4)
  34 deep trolls
  6 flayed ghosts
  A spark wasp zombie (Depths:4)
  A cherub (Abyss:3)
  The ghost of NeonDemon the Fighter, a novice MiGl of Cheibriados (D:8)
  6 naga ritualists
  6 shambling mangroves
  5 wizards
  4 obsidian statues (Depths:3)
  14 deep elf archers
  7 glowing orange brains
  2 infernal demonspawn (D:10)
  13 swamp dragons
  3 unseen horrors
  14 ironbrand convokers
  Pikel (D:5)
  6 phantasmal warriors
  19 large abominations
  A sphinx zombie (Depths:4)
  The ghost of Sergey the Ruffian, a novice VSSk of Ru (D:5)
  59 deep elf magi
  An iron dragon zombie (Depths:4)
  A wolf spider (Vaults:3)
  3 necromancers
  8 orc knights
  14 mana vipers
  7 orc sorcerers
  7 shining eyes
  A shining eye (shapeshifter) (Depths:3)
  17 ugly things
  2 oklob plants
  31 moths of wrath
  6 cyclopes
  20 salamanders
  6 centaur zombies
  An elephant (shapeshifter) (Depths:3)
  A rust devil (Depths:1)
  41 elephants
  3 worldbinders (Abyss:3)
  A moth of wrath (shapeshifter) (Vaults:4)
  35 black mambas
  21 naga magi
  An apocalypse crab (Abyss:3)
  10 vault sentinels
  3 eyes of devastation
  2 molten gargoyles (Depths:3)
  A spiny frog (shapeshifter) (Depths:1)
  2 orange demons (Abyss:3)
  17 guardian serpents
  4 gargoyles (Depths:3)
  2 hellions (Abyss:3)
  2 centaur skeletons
  2 smoke demons (Abyss:3)
  A kobold demonologist (Elf:1)
  36 spiny frogs
  A minotaur zombie (Lab)
  58 yaktaurs
  A storm dragon simulacrum (Depths:4)
  An elf (Vaults:4)
  15 komodo dragons
  An efreet (Abyss:3)
  A rime drake (Lair:2)
  3 komodo dragons (shapeshifter)
  4 ancient zymes (Abyss:3)
  A tormentor (Zot:1)
  A hellwing (D:5)
  8 freezing wraiths
  3 red devils (Abyss:3)
  6 tengu conjurers
  3 meliai (Lair:4)
  A meliai (shapeshifter) (Depths:3)
  A silent spectre (Abyss:3)
  10 trolls
  A tyrant leech (shapeshifter) (Depths:3)
  4 polar bears
  15 hornets
  2 wind drakes (Depths:3)
  23 blink frogs
  A harpy skeleton (D:15)
  A shadow dragon simulacrum (Depths:4)
  A human simulacrum (Vaults:3)
  A sphinx simulacrum (Depths:4)
  20 raiju
  A tengu simulacrum (Vaults:3)
  10 hippogriffs
  A hippogriff (shapeshifter) (Vaults:1)
  A dream sheep (shapeshifter) (D:14)
  A blink frog (shapeshifter) (Vaults:2)
  2 bog bodies (Swamp:2)
  2 dream sheep (D:9)
  12 tyrant leeches
  132 slime creatures
  4 flying skulls (Abyss:3)
  2 vampires
  Sigmund (D:5)
  A spriggan (shapeshifter) (Depths:3)
  4 ynoxinuls (Abyss:3)
  An elf simulacrum (Depths:4)
  3 shadows
  7 wraiths
  6 wyverns
  An ettin skeleton (Abyss:3)
  2 redbacks (Vaults:4)
  19 spriggans
  10 water elementals
  13 air elementals
  A tarantella (shapeshifter) (Elf:1)
  2 humans (Vaults:4)
  2 basilisks
  11 fire bats
  4 neqoxecs
  2 hungry ghosts
  39 yaks
  A steam dragon (Volcano)
  13 golden eyes
  12 fire elementals
  5 chaos spawn (Abyss:3)
  6 vampire mosquitoes
  Edmund (D:4)
  16 insubstantial wisps
  4 spatial vortices (Abyss:3)
  17 swamp worms
  An elf skeleton (Depths:4)
  59 nagas
  5 wargs
  2 hydra simulacra (Zot:4)
  9 porcupines
  2 floating eyes (shapeshifter)
  2 soldier ants
  3 acid dragons
  13 water moccasins
  A human skeleton (Depths:4)
  A swamp drake (shapeshifter) (Vaults:3)
  A black bear (shapeshifter) (Depths:2)
  2 black bears
  48 orc warriors
  18 swamp drakes
  2 phantoms
  3 sky beasts
  8 ice beasts
  A tengu (shapeshifter) (Depths:1)
  8 eyes of draining
  24 ogres
  8 boggarts
  13 centaurs
  19 crocodiles
  6 big kobolds
  11 earth elementals
  31 bullfrogs
  2 wyvern skeletons
  A scorpion (D:12)
  A water moccasin skeleton (D:8)
  58 killer bees
  9 wights
  4 howler monkeys
  6 electric eels
  7 crimson imps
  38 starcursed masses (Abyss:3)
  A quasit (D:8)
  5 bullfrog skeletons
  8 hounds
  26 orc wizards
  12 orc priests
  7 iron imps
  A jelly (D:10)
  Crazy Yiuf (D:3)
  4 iguanas
  Natasha (thrice) (D:3)
  16 worker ants
  4 worker ant zombies
  11 adders
  11 gnolls
  A river rat (Lair:5)
  7 shadow imps
  3 white imps
  5 ufetubi
  2 oozes
  4 worms
  3 ball lightnings (Depths:3)
  A dart slug (D:2)
  5 leopard geckos
  105 orcs
  4 bats
  9 giant cockroaches
  11 goblins
  8 hobgoblins
  2 jackals (D:3)
  34 kobolds
  6 quokkas
  A ball python (D:3)
  4 frilled lizards
  A hobgoblin zombie (D:5)
  A jackal skeleton (D:5)
  A kobold skeleton (D:5)
  3 kobold zombies (D:5)
  An orc skeleton (D:5)
  6 rats
  A bush (Lair:6)
  17 fungi
  A lurking horror (Abyss:3)
  55 plants
  2 starspawn tentacles (Abyss:3)
2832 creatures vanquished.

Vanquished Creatures (collateral kills)
  A killer bee (Lair:4)
1 creature vanquished.

Vanquished Creatures (others)
  A juggernaut (Abyss:3)
  An Orb Guardian (Zot:5)
  A quicksilver dragon (Zot:5)
  2 deep elf master archers (Elf:3)
  A sphinx (Depths:2)
  A fire giant (Depths:2)
  A draconian scorcher (Zot:4)
  An angel (Abyss:3)
  A war gargoyle (Vaults:4)
  An ironheart preserver (Vaults:4)
  2 stone giants
  An ophan (Abyss:3)
  A very ugly thing (Vaults:4)
  A black draconian (Depths:5)
  2 red draconians
  3 ettins
  A deep elf death mage (Vaults:5)
  A deep elf high priest (Elf:2)
  A yaktaur captain (Depths:4)
  A fire dragon (Depths:1)
  A great orb of eyes (Depths:4)
  A vault guard (Vaults:5)
  A great orb of eyes (shapeshifter) (Depths:3)
  A hydra (D:9)
  A centaur warrior (Depths:1)
  An anaconda (Snake:1)
  A dancing weapon (Depths:3)
  3 two-headed ogres
  A death yak (Lair:5)
  2 spriggan berserkers
  4 naga sharpshooters
  A thrashing horror (Abyss:3)
  A hell knight (Depths:1)
  2 deep elf knights (Elf:2)
  A cherub (Abyss:3)
  A large abomination (Abyss:3)
  3 deep trolls
  5 deep elf archers
  2 ironbrand convokers
  A necromancer (Depths:4)
  An ugly thing (Vaults:1)
  2 deep elf magi
  A salamander (Snake:3)
  2 moths of wrath (Zot:1)
  2 black mambas (Snake:2)
  A spiny frog (Swamp:4)
  A naga mage (Abyss:3)
  22 yaktaurs
  A hippogriff (Lair:5)
  7 slime creatures
  An air elemental (Depths:3)
  2 water elementals
  A golden eye (Slime:3)
  A naga (Snake:3)
  2 spatial vortices (Abyss:3)
  3 slaves (D:5)
  3 centaurs
  An earth elemental (Elf:2)
  A killer bee (Lair:4)
  A crimson imp (D:5)
  A starcursed mass (Abyss:3)
  An iron imp (D:5)
  An adder (D:5)
  42 ball lightnings
  2 orcs (Vaults:3)
  A goblin zombie (D:5)
  A hobgoblin zombie (D:5)
  2 kobold skeletons (D:5)
  A leopard gecko skeleton (D:5)
  An orc zombie (D:5)
  43 fungi
  89 plants
  11 starspawn tentacles (Abyss:3)
311 creatures vanquished.

Grand Total: 3144 creatures vanquished

Notes
Turn   | Place    | Note
-------+----------+-------------------------------------------
     0 | D:1      | Wyvric the Octopode Venom Mage began the quest for the Orb.
     0 | D:1      | Reached XP level 1. HP: 11/11 MP: 3/3
   189 | D:1      | Reached XP level 2. HP: 17/17 MP: 3/5
   193 | D:1      | Learned a level 2 spell: Poisonous Vapours
   499 | D:2      | Reached skill level 1 in Air Magic
   564 | D:2      | Reached XP level 3. HP: 21/21 MP: 3/6
   807 | D:2      | Found an ancient bone altar of Kikubaaqudgha.
  1055 | D:1      | Learned a level 3 spell: Mephitic Cloud
  1060 | D:2      | Reached XP level 4. HP: 26/27 MP: 4/7
  2430 | D:3      | Noticed Natasha
  2437 | D:3      | Killed Natasha
  2437 | D:3      | Reached XP level 5. HP: 22/31 MP: 0/8
  2562 | D:3      | Found a runed door.
  2566 | D:3      | Noticed Crazy Yiuf
  2569 | D:3      | Killed Crazy Yiuf
  2596 | D:3      | Found a sacrificial altar of Ru.
  2604 | D:3      | Became a worshipper of Ru the Awakened
  2755 | D:3      | Noticed Natasha
  2777 | D:3      | Killed Natasha
  2848 | D:3      | Reached skill level 5 in Poison Magic
  3298 | D:3      | Noticed Natasha
  3302 | D:3      | Killed Natasha
  3302 | D:3      | Reached XP level 6. HP: 29/36 MP: 0/10
  3674 | D:4      | Noticed Edmund
  3777 | D:4      | Found Qiysyu's Food Shop.
  3870 | D:4      | Noticed a phantom
  3945 | D:4      | Gained mutation: Your cowardice makes you less effective in combat with threatening monsters. [Ru sacrifice]
  3945 | D:4      | Reached * piety under Ru
  4119 | D:4      | Killed Edmund
  4119 | D:4      | Reached XP level 7. HP: 41/41 MP: 1/12
  4349 | D:4      | Found Sessim's Assorted Antiques.
  4357 | D:4      | Bought a fuming ruby potion for 19 gold pieces
  4357 | D:4      | Bought a scroll of fog for 44 gold pieces
  4410 | D:4      | Learned a level 2 spell: Sticks to Snakes
  4552 | D:4      | Found a staircase to the Ecumenical Temple.
  4559 | Temple   | Entered the Ecumenical Temple
  4797 | D:5      | Entered Level 5 of the Dungeon
  4836 | D:5      | Noticed Pikel
  4846 | D:5      | Killed Pikel
  4846 | D:5      | Reached skill level 5 in Spellcasting
  4846 | D:5      | Reached XP level 8. HP: 44/46 MP: 1/16
  4851 | D:5      | Learned a level 3 spell: Spider Form
  4975 | D:5      | Found a glowing golden altar of the Shining One.
  5237 | D:5      | Found a radiant altar of Vehumet.
  5469 | D:5      | Noticed Sergey's ghost (novice VSSk)
  5791 | D:5      | Reached skill level 5 in Conjurations
  6031 | D:5      | Found a hide-covered altar of Uskayaw.
  6076 | D:5      | Noticed Sigmund
  6084 | D:5      | Killed Sigmund
  6167 | D:5      | Killed Sergey's ghost
  6167 | D:5      | Reached XP level 9. HP: 51/51 MP: 1/18
  6168 | D:5      | Found a glowing golden altar of the Shining One.
  6295 | D:6      | Found Ukesch's Antique Weapon Shoppe.
  7457 | D:6      | Gained mutation: You are sensitive to extremes of temperature. (rF-, rC-) [Ru sacrifice]
  7457 | D:6      | Reached ** piety under Ru
  7457 | D:6      | Reached *** piety under Ru
  9154 | D:7      | Reached skill level 5 in Air Magic
  9554 | D:8      | Noticed NeonDemon's ghost (novice MiGl)
 10369 | D:8      | Noticed Gastronok
 10490 | D:7      | Reached XP level 10. HP: 56/56 MP: 14/19
 11518 | D:9      | Found an iron altar of Okawaru.
 11557 | D:9      | Found a flagged portal.
 11580 | D:9      | Gained mutation: You cannot study or use magical devices. [Ru sacrifice]
 11580 | D:9      | Reached **** piety under Ru
 11580 | D:9      | Reached ***** piety under Ru
 11587 | Bailey   | Entered a bailey
 12715 | D:9      | Found a staircase to the Lair.
 12724 | D:9      | Reached skill level 1 in Fighting
 13076 | D:9      | Noticed a three-headed hydra
 13096 | D:9      | Killed a three-headed hydra
 13242 | D:9      | Reached skill level 5 in Dodging
 13607 | D:10     | Entered Level 10 of the Dungeon
 13845 | D:10     | Reached skill level 5 in Fighting
 13909 | D:10     | Learned a level 1 spell: Animate Skeleton
 13911 | D:10     | Learned a level 1 spell: Apportation
 14029 | D:10     | Reached XP level 11. HP: 72/72 MP: 12/20
 14552 | D:10     | Found Ympoluc's Weapon Emporium.
 14669 | D:8      | Noticed a two-headed ogre
 14677 | D:8      | Killed a two-headed ogre
 14677 | D:8      | Reached skill level 1 in Shields
 14690 | D:8      | Gained mutation: You are hated by all. [Ru sacrifice]
 14690 | D:8      | Reached ****** piety under Ru
 14939 | D:8      | Paralysed by a crimson imp for 2 turns
 15055 | D:8      | Killed Gastronok
 15055 | D:8      | Reached skill level 3 in Shields
 15455 | D:8      | Learned a level 3 spell: Stone Arrow
 15490 | D:8      | Killed NeonDemon's ghost
 15490 | D:8      | Reached skill level 4 in Shields
 15490 | D:8      | Reached skill level 1 in Earth Magic
 15560 | Lair:1   | Entered Level 1 of the Lair of Beasts
 16383 | Lair:1   | Learned a level 2 spell: Passwall
 16586 | Lair:1   | Learned a level 3 spell: Conjure Flame
 16788 | Lair:1   | Reached skill level 1 in Fire Magic
 17272 | Lair:1   | Noticed an oklob plant
 17558 | Lair:1   | Killed an oklob plant
 17602 | Lair:1   | Noticed a seven-headed hydra
 17646 | Lair:1   | Killed a seven-headed hydra
 17646 | Lair:1   | Reached XP level 12. HP: 81/81 MP: 14/22
 17771 | Lair:1   | You fall through a shaft!
 17771 | Lair:2   | Found a staircase to the Swamp.
 17867 | Lair:2   | Noticed a four-headed hydra
 18621 | Lair:2   | Noticed a six-headed hydra
 18659 | Lair:2   | Killed a six-headed hydra
 18659 | Lair:2   | Reached skill level 5 in Earth Magic
 18672 | Lair:2   | Learned a level 5 spell: Fireball
 20093 | Lair:2   | Reached skill level 5 in Fire Magic
 20409 | Lair:2   | Found a staircase to the Snake Pit.
 20435 | Lair:2   | Noticed a six-headed hydra
 20461 | Lair:1   | Killed a six-headed hydra
 20809 | Lair:2   | Killed a four-headed hydra
 21746 | Lair:3   | Noticed a five-headed hydra
 22120 | Lair:3   | Noticed a five-headed hydra
 22146 | Lair:3   | Noticed a seven-headed hydra
 22150 | Lair:3   | Killed a seven-headed hydra
 22187 | Lair:2   | Killed a five-headed hydra
 22417 | Lair:2   | Killed a five-headed hydra
 22417 | Lair:2   | Reached XP level 13. HP: 86/86 MP: 5/25
 23563 | Lair:3   | Learned a level 5 spell: Lee's Rapid Deconstruction
 26736 | Lair:5   | Reached skill level 5 in Shields
 26791 | Lair:5   | Reached skill level 6 in Shields
 26858 | Lair:5   | Noticed a dire elephant
 26867 | Lair:5   | Reached skill level 7 in Shields
 27020 | Lair:5   | Reached XP level 14. HP: 92/92 MP: 27/27
 27027 | Lair:5   | Reached skill level 10 in Spellcasting
 27625 | D:11     | Reached skill level 8 in Shields
 27645 | D:11     | Found a staircase to the Orcish Mines.
 29408 | D:12     | Reached skill level 9 in Shields
 29446 | D:12     | Found a glowing silver altar of Zin.
 29755 | D:12     | Identified the Catalogue of Heat
 29763 | D:12     | Learned a level 5 spell: Bolt of Magma
 30501 | Lair:5   | Killed a dire elephant
 30501 | Lair:5   | Reached skill level 10 in Shields
 30643 | Lair:5   | Noticed Nessos
 32115 | Lair:5   | Killed Nessos
 32115 | Lair:5   | Reached skill level 11 in Shields
 32558 | Lair:5   | Found a staircase to the Slime Pits.
 32558 | Lair:5   | Found a viscous altar of Jiyva.
 32957 | Lair:6   | Entered Level 6 of the Lair of Beasts
 33066 | Lair:6   | Reached XP level 15. HP: 82/97 MP: 16/30
 33261 | Lair:6   | Found a dark tunnel.
 33265 | Volcano  | Entered a volcano
 33416 | Volcano  | Reached skill level 12 in Shields
 35670 | Lair:6   | Reached skill level 13 in Shields
 36730 | Lair:6   | Identified the Papyrus of Talismans
 37147 | Lair:6   | Reached skill level 14 in Shields
 37634 | D:9      | Learned a level 2 spell: Swiftness
 37638 | D:9      | Learned a level 3 spell: Regeneration
 38472 | D:13     | Found a gate to the Vaults.
 38569 | D:14     | Found a labyrinth entrance.
 38590 | Lab      | Entered a labyrinth
 39179 | Lab      | Reached XP level 16. HP: 103/103 MP: 19/32
 39191 | Lab      | Found the +3 robe of Clouds {+Fly rElec}
 39192 | Lab      | Got a dazzling shortbow
 39192 | Lab      | Got a smoking arbalest
 39810 | D:14     | Reached skill level 15 in Shields
 40025 | D:14     | Found a portal to a secret trove of treasure.
 40631 | D:9      | Identified the cursed +0 shortbow "Gojemoim" {flame, rC- Dex+3 SInv} (You found it in a labyrinth)
 40641 | D:9      | Identified the +6 arbalest of Poattaet {flame, +Fly rC+} (You found it in a labyrinth)
 40752 | Swamp:1  | Entered Level 1 of the Swamp
 45095 | Swamp:3  | Reached skill level 10 in Fighting
 45095 | Swamp:3  | Reached skill level 10 in Dodging
 45095 | Swamp:3  | Reached XP level 17. HP: 113/115 MP: 22/33
 45551 | Swamp:4  | Entered Level 4 of the Swamp
 45842 | Swamp:4  | Noticed SpaceButler's ghost (adept MiMo)
 47500 | Swamp:4  | Killed SpaceButler's ghost
 48045 | Swamp:4  | Got a decaying rune of Zot
 48362 | Snake:1  | Entered Level 1 of the Snake Pit
 48399 | Snake:1  | Noticed Agnes
 48402 | Snake:1  | Killed Agnes
 49264 | Snake:1  | Noticed Aizul
 49386 | Snake:1  | Killed Aizul
 50896 | Snake:2  | Found Gockag's Gadget Emporium.
 50914 | Snake:2  | Found Todgh's Jewellery Shop.
 50915 | Snake:2  | Found Kimeut's Gadget Emporium.
 50922 | Snake:2  | Bought the ring of Abuasmon {rElec Str+4 Int-5 Stlth-} for 232 gold pieces
 51506 | Snake:2  | Bought a +3 ring of intelligence for 188 gold pieces
 51704 | Snake:2  | Reached XP level 18. HP: 93/126 MP: 1/35
 51925 | Snake:2  | Noticed Vashnia
 51989 | Snake:2  | Killed Vashnia
 52603 | Snake:3  | Noticed Bai Suzhen
 52803 | Snake:3  | Killed Bai Suzhen
 53448 | Snake:3  | Reached skill level 15 in Spellcasting
 53459 | Snake:2  | Learned a level 6 spell: Iron Shot
 53947 | Snake:3  | Got an uncursed dazzling quarterstaff {crush}
 53949 | Snake:3  | Identified the +10 quarterstaff of the Warrior-Mage {crush, rElec rN+ MR++} (You found it on level 3 of the Snake Pit)
 54525 | Snake:4  | Entered Level 4 of the Snake Pit
 54775 | Snake:4  | Reached skill level 10 in Earth Magic
 56055 | Snake:4  | Reached XP level 19. HP: 119/131 MP: 37/38
 56613 | Snake:4  | Reached skill level 10 in Conjurations
 57907 | Snake:4  | Got a serpentine rune of Zot
 58410 | Orc:1    | Entered Level 1 of the Orcish Mines
 58735 | Orc:2    | Entered Level 2 of the Orcish Mines
 59387 | Orc:2    | Found Jyppaoss's Jewellery Shoppe.
 59392 | Orc:2    | Found Voapuwn's Antique Weapon Boutique.
 59425 | Orc:2    | Found a staircase to the Elven Halls.
 59433 | Orc:2    | Bought an ichor-stained trident for 280 gold pieces
 59530 | Orc:2    | Bought an uncursed ring of protection from magic for 300 gold pieces
 59661 | Orc:2    | Found Pirirch Ompe's Antique Armour Emporium.
 60131 | Orc:2    | Noticed Saint Roka
 60230 | Orc:2    | Killed Saint Roka
 60442 | Orc:2    | Found Punappih's General Store.
 60452 | Orc:2    | Bought a potion of resistance for 140 gold pieces
 61352 | D:15     | Entered Level 15 of the Dungeon
 61405 | D:15     | Noticed Sonja
 61407 | D:15     | Killed Sonja
 62595 | D:15     | Found a staircase to the Depths.
 62839 | Vaults:1 | Entered Level 1 of the Vaults
 62840 | Vaults:1 | Identified the +12 trident of Gallantry {pain, rF+ MR+ Str+2} (You bought it in a shop on level 2 of the Orcish Mines)
 63602 | Vaults:1 | Reached XP level 20. HP: 93/138 MP: 14/40
 65307 | Vaults:1 | Found Zairezoj's Armour Shoppe.
 65972 | Vaults:2 | Found a staircase to the Crypt.
 68863 | Vaults:3 | Learned a level 6 spell: Statue Form
 69119 | Vaults:3 | Reached skill level 1 in Transmutations
 69706 | Vaults:3 | Reached XP level 21. HP: 149/149 MP: 33/41
 70517 | Vaults:4 | Noticed Mara
 70518 | Vaults:4 | Reached skill level 15 in Fighting
 70696 | Vaults:3 | Killed Mara
 72025 | Vaults:4 | Found Wusmysk's General Store.
 72055 | Vaults:4 | Bought 2 potions of curing for 108 gold pieces
 72055 | Vaults:4 | Bought a scroll of magic mapping for 63 gold pieces
 72617 | Orc:2    | Learned a level 6 spell: Deflect Missiles
 72619 | Orc:2    | Upgraded the game from 0.22-a0-305-gd21a89c538 to 0.22-a0-322-g60b3cfd402
 72633 | Elf:1    | Entered Level 1 of the Elven Halls
 72929 | Elf:1    | Reached XP level 22. HP: 159/159 MP: 43/43
 72946 | Elf:1    | Found Ifruodd's Food Boutique.
 72947 | Elf:1    | Reached skill level 1 in Charms
 74263 | Elf:2    | Found a huge runed gate.
 74265 | Elf:2    | Found a huge runed gate.
 74265 | Elf:2    | Found a huge runed gate.
 74266 | Elf:2    | Found a huge runed gate.
 74266 | Elf:2    | Found a huge runed gate.
 75012 | Elf:3    | Entered Level 3 of the Elven Halls
 75739 | Elf:3    | Noticed Louise
 75746 | Elf:3    | Killed Louise
 76219 | Elf:3    | Got a crystal glaive {protect}
 76246 | Elf:3    | Reached skill level 15 in Dodging
 76260 | Elf:3    | Reached skill level 5 in Charms
 76266 | Elf:3    | Reached XP level 23. HP: 168/168 MP: 22/44
 76631 | Elf:3    | Identified Asischao's Guide on Orientation and Earth
 76731 | Elf:3    | Identified the Catalogue of the Arsonist and the Traveller
 76740 | Elf:3    | Identified Rilo Vonok's Papyrus of Supportive Black Secrets
 76744 | Elf:3    | Identified the Guide on the Arsonist and Lightness
 76876 | Elf:3    | Learned a level 7 spell: Orb of Destruction
 77043 | D:9      | Identified the +7 glaive of the Reaper {protect, Str+3} (You took it off a deep elf death mage on level 3 of the Elven Halls)
 77231 | Depths:1 | Entered Level 1 of the Depths
 77788 | Depths:1 | Found a one-way gate leading to the halls of Pandemonium.
 77815 | Depths:1 | Got a pitted large shield
 77816 | Depths:1 | Identified the +6 large shield of Past Mistakes {rF- rN++ Str+4 Slay+4} (You found it on level 1 of the Depths)
 78053 | Depths:1 | Found a runed door.
 78649 | Depths:1 | Found a gateway to Hell.
 79029 | Depths:2 | Found a gateway to a ziggurat.
 79106 | Depths:2 | Noticed Asterion
 79115 | Depths:2 | Killed Asterion
 79503 | Depths:2 | Identified the Almanac of Transmutation
 79541 | Depths:2 | Got a crude long sword
 79545 | Depths:2 | Identified the +7 long sword of Crusades {flame, Stlth+} (You found it on level 2 of the Depths)
 79879 | Depths:2 | Found a one-way gate to the infinite horrors of the Abyss.
 79950 | Depths:1 | Reached XP level 24. HP: 174/177 MP: 29/45
 79958 | Depths:1 | Got a vibrating marble ring
 79962 | Depths:1 | Identified the ring "Oluuh Furi" {*Drain rPois Str+2 Dex+3 Stlth+} (You took it off a frost giant on level 1 of the Depths)
 80071 | Depths:2 | Reached skill level 16 in Shields
 80184 | Depths:2 | Got a pitted tin ring
 80217 | Depths:2 | Identified the ring of the Sun {+Fly Stlth+} (You found it on level 2 of the Depths)
 81209 | Depths:3 | Reached skill level 15 in Earth Magic
 81569 | Depths:3 | Reached skill level 17 in Shields
 81663 | Depths:3 | Found the +8 autumn katana {slice, Clar}
 81777 | Depths:3 | Got a faintly humming buckler
 82412 | Depths:4 | Identified the +1 buckler "Lauq" {+Inv rElec Str+2} (You found it on level 3 of the Depths)
 82424 | Depths:4 | Got an ancient quarterstaff {crush}
 82509 | Depths:4 | Reached XP level 25. HP: 183/183 MP: 31/45
 82654 | Depths:4 | Reached skill level 18 in Shields
 82861 | Depths:4 | Got a polished hunting sling
 83793 | Depths:5 | Entered Level 5 of the Depths
 84062 | Depths:5 | Found Ygal's Blood Bar.
 84128 | Depths:5 | Found a gate to the Realm of Zot.
 84295 | Depths:5 | Reached skill level 19 in Shields
 85371 | D:9      | Identified the +7 quarterstaff "Atuotu" {crush, Int+6} (You took it off a tengu conjurer on level 4 of the Depths)
 85372 | D:9      | Identified the +9 hunting sling of Awkejuwno {flame, *Corrode MR+ Str+2 Dex+4} (You found it on level 4 of the Depths)
 85476 | Snake:2  | Bought an uncursed ring of resist corrosion for 240 gold pieces
 85625 | Slime:1  | Entered Level 1 of the Pits of Slime
 86282 | Slime:2  | Gained mutation: You are clumsy. (Dex -2) [a shining eye]
 86283 | Slime:2  | Gained mutation: You tend to lose your temper in combat. [a shining eye]
 86286 | Slime:2  | Lost mutation: You tend to lose your temper in combat. [potion of mutation]
 86286 | Slime:2  | Gained mutation: Scrolls take you a little longer to read. [potion of mutation]
 86286 | Slime:2  | Lost mutation: Scrolls take you a little longer to read. [potion of mutation]
 86286 | Slime:2  | Gained mutation: Your muscles are strong. (Str +2) [potion of mutation]
 87095 | Slime:4  | Noticed Dissolution
 87104 | Slime:3  | Killed Dissolution
 87168 | Slime:3  | Reached skill level 20 in Shields
 87257 | Slime:4  | Reached XP level 26. HP: 189/189 MP: 46/46
 87412 | Slime:5  | Entered Level 5 of the Pits of Slime
 87626 | Slime:5  | Noticed the Royal Jelly
 87856 | Slime:5  | Killed the Royal Jelly
 88197 | Slime:5  | Got a slimy rune of Zot
 88268 | Slime:5  | Identified the +4 hunting sling of the Revolution {venom, rF+ Str+2 Int-3} (You found it on level 5 of the Pits of Slime)
 88287 | Slime:5  | Identified the +10 quarterstaff "Zisoen" {vamp, rC- rN++ MR+ Str+2} (You found it on level 5 of the Pits of Slime)
 88808 | D:9      | Learned a level 4 spell: Passage of Golubria
 88823 | D:9      | Learned a level 5 spell: Iskenderun's Battlesphere
 89066 | Vaults:5 | Entered Level 5 of the Vaults
 89069 | Vaults:5 | Reached skill level 21 in Shields
 90020 | Vaults:5 | Reached skill level 22 in Shields
 90039 | Vaults:4 | Reached XP level 27. HP: 178/195 MP: 20/47
 90876 | Vaults:5 | Got a brightly glowing morningstar {drain}
 90941 | Vaults:5 | Learned a level 2 spell: Blink
 91097 | Vaults:5 | Reached skill level 23 in Shields
 91394 | Vaults:5 | Got a fine silver ring
 91413 | Vaults:5 | Got a dazzling dagger
 91509 | Vaults:5 | Got a transparent shortbow
 91515 | Vaults:5 | Got a silver rune of Zot
 91541 | Vaults:5 | Got a warped platinum amulet
 91732 | Vaults:5 | Identified the +6 dagger of the Gloaming {venom, Dex+3} (You found it on level 5 of the Vaults)
 91734 | Vaults:5 | Identified the cursed +2 morningstar "Zoshrokhe" {drain, rN+} (You took it off a yaktaur captain on level 5 of the Vaults)
 91739 | Vaults:5 | Identified the ring of Mistrust {+Fly MR+ Dex+4 Stlth+} (You found it on level 5 of the Vaults)
 91744 | Vaults:5 | Identified the amulet of Qiejovy {Spirit rN+ Str+3 SInv} (You took it off a fire giant on level 5 of the Vaults)
 91996 | D:14     | You paid a toll of 7 potions of agility to enter a treasure trove
 91997 | Trove    | Entered a treasure trove
 92014 | Trove    | Got an encrusted demon trident
 92038 | Trove    | Found the +3 Elemental Staff {rElec rF++ rC++ MR++ AC+5}
 92043 | Trove    | Got a polished battleaxe
 92061 | Trove    | Got a steaming shortbow
 92095 | Trove    | Identified the +8 demon trident of the Well-Known Planets {freeze, MP+9 Int+4 Dex+3 Stlth+} (You found it in a treasure trove)
 92563 | Snake:2  | Bought an uncursed ring of positive energy for 240 gold pieces
 92563 | Snake:2  | Bought an uncursed ring of positive energy for 240 gold pieces
 92871 | Vaults:4 | Bought a scroll of acquirement for 936 gold pieces
 93133 | Elf:1    | Bought a ration for 55 gold pieces
 93133 | Elf:1    | Bought a ration for 55 gold pieces
 93133 | Elf:1    | Bought a ration for 55 gold pieces
 93133 | Elf:1    | Bought a ration for 55 gold pieces
 93133 | Elf:1    | Bought a ration for 55 gold pieces
 93133 | Elf:1    | Bought a ration for 55 gold pieces
 93133 | Elf:1    | Bought a ration for 55 gold pieces
 93133 | Elf:1    | Bought a ration for 55 gold pieces
 93133 | Elf:1    | Bought a ration for 55 gold pieces
 93133 | Elf:1    | Bought a ration for 55 gold pieces
 93133 | Elf:1    | Bought a ration for 55 gold pieces
 93371 | Depths:2 | Learned a level 6 spell: Conjure Ball Lightning
 93372 | Depths:2 | Voluntarily entered the Abyss.
 93845 | Abyss:3  | Reached skill level 1 in Polearms
 93999 | Abyss:3  | Paralysed by accursed screaming for 1 turns
 94204 | Abyss:3  | Found a glowing golden altar of the Shining One.
 94210 | Abyss:3  | Noticed a juggernaut
 94211 | Abyss:3  | Paralysed by accursed screaming for 1 turns
 94224 | Abyss:3  | Killed a juggernaut
 94275 | Abyss:3  | Got an abyssal rune of Zot
 94371 | Abyss:3  | Found a glowing golden altar of the Shining One.
 94391 | Abyss:3  | Reached skill level 5 in Polearms
 94435 | Abyss:3  | Reached skill level 24 in Shields
 94596 | Depths:2 | Escaped the Abyss
 94662 | Depths:5 | Learned a level 8 spell: Lehudib's Crystal Spear
 94668 | Depths:5 | Learned a level 5 spell: Borgnjor's Vile Clutch
 94671 | Zot:1    | Entered Level 1 of the Realm of Zot
 95189 | Zot:1    | Got a coiled marble ring
 95532 | Zot:1    | Identified the ring of the Fool {+Blink Str+3} (You acquired it on level 1 of the Realm of Zot)
 96693 | Zot:2    | Reached skill level 15 in Conjurations
 98414 | Zot:3    | Identified the ring of Midsummer {*Contam Str+2 Dex+3} (You acquired it on level 3 of the Realm of Zot)
 99194 | Zot:4    | Reached skill level 25 in Shields
100054 | Zot:5    | Entered Level 5 of the Realm of Zot
100596 | Zot:5    | Reached skill level 10 in Polearms
100684 | Zot:5    | Noticed an orb of fire
100686 | Zot:5    | Gained mutation: Your spells are a little easier to cast, but a little less powerful. [an orb of fire]
100690 | Zot:5    | Gained mutation: You are frail. (-10% HP) [an orb of fire]
100699 | Zot:5    | Gained mutation: Your magical capacity is low. (-10% MP) [an orb of fire]
100703 | Zot:5    | Killed an orb of fire
100712 | Zot:5    | Lost mutation: Your muscles are strong. (Str +2) [potion of mutation]
100712 | Zot:5    | Lost mutation: You are frail. (-10% HP) [potion of mutation]
100712 | Zot:5    | Lost mutation: Your magical capacity is low. (-10% MP) [potion of mutation]
100712 | Zot:5    | Gained mutation: Your muscles are strong. (Str +2) [potion of mutation]
100712 | Zot:5    | Gained mutation: Your system is resistant to poisons. (rPois) [potion of mutation]
100737 | Zot:5    | Noticed an ancient lich
100876 | Zot:5    | Killed an ancient lich
100928 | Zot:5    | Noticed an ancient lich
101190 | Zot:5    | Killed an ancient lich
101381 | Zot:5    | Noticed an ancient lich
101384 | Zot:5    | Killed an ancient lich
101626 | Zot:5    | Noticed an ancient lich
101626 | Zot:5    | Cast into level 5 of the Abyss (an ancient lich)
101626 | Abyss:5  | Entered Level 5 of the Abyss
101658 | Zot:5    | Escaped the Abyss
101662 | Zot:5    | Killed an ancient lich
101787 | Zot:5    | Noticed an orb of fire
101799 | Zot:5    | Killed an orb of fire
101893 | Zot:5    | Noticed an orb of fire
101893 | Zot:5    | Gained mutation: Scrolls take you a little longer to read. [an orb of fire]
101893 | Zot:5    | Gained mutation: Potions are less effective at restoring your health. [an orb of fire]
102158 | Zot:5    | Noticed an orb of fire
102158 | Zot:5    | Gained mutation: You occasionally shout uncontrollably at your foes. [an orb of fire]
102168 | Zot:5    | Gained mutation: You sometimes yell uncontrollably at your foes. [an orb of fire]
102169 | Zot:5    | Killed an orb of fire
102298 | Zot:5    | Noticed an orb of fire
102302 | Zot:5    | Gained mutation: You frequently scream uncontrollably at your foes. [an orb of fire]
102305 | Zot:5    | Gained mutation: You are frail. (-10% HP) [an orb of fire]
102306 | Zot:5    | Killed an orb of fire
102350 | Zot:5    | Lost mutation: Your system is resistant to poisons. (rPois) [potion of mutation]
102350 | Zot:5    | Lost mutation: Potions are less effective at restoring your health. [potion of mutation]
102350 | Zot:5    | Lost mutation: You are frail. (-10% HP) [potion of mutation]
102350 | Zot:5    | Lost mutation: Your spells are a little easier to cast, but a little less powerful. [potion of mutation]
102350 | Zot:5    | Lost mutation: Scrolls take you a little longer to read. [potion of mutation]
102350 | Zot:5    | Gained mutation: Your system is resistant to poisons. (rPois) [potion of mutation]
102613 | Zot:5    | Noticed an orb of fire
102614 | Zot:5    | Gained mutation: Your magical capacity is low. (-10% MP) [an orb of fire]
102617 | Zot:5    | Lost mutation: Your muscles are strong. (Str +2) [an orb of fire]
102617 | Zot:5    | Killed an orb of fire
102622 | Zot:5    | Killed an orb of fire
102770 | Zot:5    | Noticed an orb of fire
102772 | Zot:5    | Gained mutation: You are very clumsy. (Dex -4) [an orb of fire]
102773 | Zot:5    | Killed an orb of fire
103149 | Zot:5    | Noticed an orb of fire
103230 | Zot:5    | Killed an orb of fire
103407 | Zot:5    | Got the Orb of Zot
104133 | D:$      | Escaped with the Orb!

Vault maps used:
D:1:      minmay_arrival_five_plusses
D:2:      kiku_gazebo_pond_becter, first_ration, minivault_25
D:3:      lemuel_round_altar, minivault_4, uniq_crazy_yiuf_cottage, uniq_natasha
D:4:      minmay_temple_entry_metal_lava, serial_shops, nicolae_shop_crystal,
          shop_fountains, uniq_edmund
D:5:      lemuel_round_altar, lemuel_crystal_altar, vehumet_crystals,
          nicolae_tso_besieged_by_evil, uniq_pikel, uniq_sigmund
D:6:      serial_shops, shop
D:8:      uniq_gastronok
D:9:      kennysheep_okawaru_gauntlet, lair_entry_dummy, enter_bailey_2,
          hangedman_ranch
D:10:     serial_shops, shop
D:11:     orc_david_3
D:12:     basic_altar
D:13:     david_vaults_5
D:14:     nicolae_sextant, nicolae_trove_entry_crossroad, lab_entry_generic
D:15:     grunt_enter_depths_hoard, minmay_misc_feat_nine_boxes, uniq_sonja
Temple:   nicolae_temple_elliptical
Lair:1:   minmay_lair_oklob_items
Lair:2:   minmay_swamp_entry_reptiles, guppyfry_snake_entry_island, st_stairs_4,
          grunt_megastairs_3, infiniplex_staircase_pool_2, serial_bayou_shore_b,
          serial_bayou_shore_a
Lair:3:   beast_lair_carwin_1
Lair:4:   wad_woods_minihive, beast_lair_carwin_9
Lair:5:   beast_lair_carwin_large_3, slime_altar_1, serial_bayou_pond_b, pond,
          uniq_nessos
Lair:6:   minmay_lair_end_frog_pond, enter_volcano_1, grunt_forest_stairs_basic,
          nicolae_quartered_pool_little, serial_bayou_lagoon_a
Swamp:1:  evilmike_swamp_ruin_rubble_2, infiniplex_staircase_pool
Swamp:2:  hangedman_swamp_blocks, swamp_pool1, nicolae_swamp_rocky_clearing,
          st_swamp_ruins_2
Swamp:3:  evilmike_swamp_ruin_rubble_1
Swamp:4:  swamp
Snake:1:  nicolae_snake_round_shape_thing, dpeg_stationary_puzzle,
          serial_bayou_shore_b, uniq_aizul, uniq_agnes
Snake:2:  serial_bayou_pond_e, minmay_shop_grove, basic_stair_grate_trap,
          uniq_vashnia
Snake:3:  uniq_bai_suzhen
Snake:4:  grunt_snake_rune_serpentine_throne, serial_bayou_pond_a
Slime:2:  cheibrodos_slime_lost_civilization_2
Slime:4:  dissolution_awaits
Orc:2:    grunt_orc_gardens, grunt_orc_garden, grunt_orc_garden,
          grunt_orc_garden, grunt_orc_garden, uniq_saint_roka
Elf:1:    elf_arrival_002, serial_shops, nicolae_shop_crystal,
          hangedman_elf_disciples, st_stairs_14, glass_columns_b
Elf:2:    minivault_28
Elf:3:    minmay_elf_hall, uniq_louise
Vaults:1: nicolae_vaults_stairing_the_circle, nicolae_vaults_inception_scallops,
          grunt_vaults_funnel, nicolae_vaults_know_your_exits,
          dpeg_vaults_monster_box, vaults_dpeg_encased_lava,
          nicolae_vaults_specimen_jars, nicolae_vaults_ring_of_whatevers,
          nicolae_vaults_little_squares_4, serial_shops, shop_statue
Vaults:2: hangedman_vaults_maws, hangedman_vaults_pinch,
          hangedman_vaults_slither, minmay_crypt_entry_simple_sparse,
          nicolae_vaults_hallways_thing, v_pattern_4, vaults_room_hallway,
          ontoclasm_vaults_spin, vaults_room_fours, ontoclasm_vaults_pinch,
          hangedman_vaults_impose, vaults_room_pool, grunt_vaults_hallway_long
Vaults:3: nicolae_vaults_little_squares_5, v_misc_18,
          nicolae_vaults_network_quincunx, ontoclasm_vaults_ring_small,
          ontoclasm_vaults_decontamination, v_rooms_6,
          nicolae_vaults_network_quinsquares, ontoclasm_vaults_claustrophobia,
          grunt_vaults_hallway_long, v_rooms_4
Vaults:4: grunt_vaults_hallway_short, ontoclasm_vaults_ring_small, v_misc_19,
          nicolae_vaults_what_the_h, v_misc_30,
          nicolae_vaults_mini_display_case, hangedman_vaults_capsules, v_misc_4,
          nicolae_vaults_three_branches, ontoclasm_vaults_idyll,
          nicolae_vaults_shelves_hall, nicolae_vaults_little_squares_1,
          nicolae_vaults_holding_cells, serial_shops, shop, uniq_mara
Vaults:5: serial_shops
Depths:1: lightli_too_deep, pan_entry, moated_statue, minmay_gold_behind_fungi,
          lightli_giant_bouncers
Depths:2: minmay_spiral_squares, enter_ziggurat_e, serial_co_window_serial,
          co_window_paths_a, co_window_paths_a, co_window_corner_a,
          co_window_cross_1, co_window_paths_a, co_window_of_opportunity_a,
          co_window_of_opportunity_a, co_window_cross_2, co_window_corner_b,
          co_window_unsneaky_path_a, co_window_paths_d, glass_columns_a,
          glass_columns_c, abyss_entry, hell_entry, grunt_decor_cap,
          kennysheep_another_room, uniq_asterion
Depths:3: radiant_caverns_a_rkd, pan_entry, hell_entry, abyss_entry
Depths:4: minmay_expanding_squares, hell_entry, abyss_entry, hex_tiny,
          nicolae_twisting_strands, minislime_mu
Depths:5: grunt_crosshair, hell_entry, fountainhead, guppyfry_shop_blood,
          serial_bayou_shore_b
Zot:1:    nicolae_moth_party
Zot:4:    hangedman_zot_decor_scrapings, hangedman_elemental_grid_stream
Zot:5:    bh_zot_ikea_curve
Abyss:2:  hangedman_abyss_or_decor_jellyfish_corner
Abyss:5:  evilmike_abyss_exit_5, hangedman_decor_peaks_small,
          evilmike_abyss_exit_kraken
Lab:      labyrinth_hidden_loot
Trove:    trove_weapons_four_rooms
Bailey:   bailey_axe_4, bailey
Volcano:  pf_volcano_lost_world

Skill      XL: |  1  2  3  4  5  6  7  8  9 10 11 12 13 14 15 16 17 18 19 20 21 22 23 24 25 26 27 |
---------------+----------------------------------------------------------------------------------+-----
Stealth        | 3 |  3.0
Poison Magic   | 4 5 6 8 9 |  9.0
Air Magic      | 1 2 3 5 6 7 |  7.1
Conjurations   | 2 3 4 6 8 9 12 13 14 18 | 18.0
Spellcasting   | 3 5 6 8 9 11 12 13 15 16 17 18 19 20 21 | 21.0
Fighting       | 5 7 10 12 14 15 17 18 20 | 20.2
Dodging        | 6 7 10 12 13 14 15 | 15.0
Shields        | 4 7 11 14 15 17 20 22 25 | 25.0
Earth Magic    | 4 6 9 10 12 13 14 15 16 | 16.0
Fire Magic     | 3 8 9 |  9.0
Transmutations | 2 3 |  3.0
Charms         | 5 6 |  6.0
Polearms       | 14 | 14.0

Action                   |  1- 3 |  4- 6 |  7- 9 | 10-12 | 13-15 | 16-18 | 19-21 | 22-24 | 25-27 || total
-------------------------+-------+-------+-------+-------+-------+-------+-------+-------+-------++-------
Melee: Unarmed           |    21 |     3 |       |       |       |       |       |       |       ||    24
       Constrict         |     5 |    10 |    25 |    13 |    33 |    41 |    29 |    49 |    92 ||   297
       Tentacles         |     2 |     4 |    14 |     7 |    42 |    47 |    37 |   106 |   243 ||   502
       Short sword       |       |    24 |     3 |    19 |   129 |     4 |       |       |       ||   179
       Trident           |       |       |   125 |    33 |       |       |   281 |   651 |   508 ||  1598
       Flail             |       |       |     4 |     6 |       |       |       |       |       ||    10
       Staff             |       |       |       |       |    48 |     4 |       |       |    27 ||    79
       Rapier            |       |       |       |       |       |   311 |    10 |       |       ||   321
       Katana            |       |       |       |       |       |       |       |       |     1 ||     1
       Demon trident     |       |       |       |       |       |       |       |       |   689 ||   689
 Fire: Hand crossbow     |       |       |       |    28 |       |       |       |       |       ||    28
       Shortbow          |       |       |       |   213 |    95 |       |       |       |       ||   308
       Blowgun           |       |       |       |       |    40 |       |       |       |       ||    40
Throw: Tomahawk          |       |     7 |    42 |     9 |    91 |   318 |    65 |    17 |       ||   549
       Javelin           |       |       |       |       |       |       |       |    52 |    15 ||    67
 Cast: Sting             |    15 |     5 |       |       |       |       |       |       |       ||    20
       Poisonous Vapours |    20 |    70 |   120 |   276 |   931 |   193 |    18 |     3 |       ||  1631
       Mephitic Cloud    |       |     1 |    10 |    37 |    92 |    22 |     9 |       |       ||   171
       Sticks to Snakes  |       |       |    30 |     1 |       |       |       |       |       ||    31
       Spider Form       |       |       |     1 |       |       |       |       |       |       ||     1
       Apportation       |       |       |       |     1 |       |       |       |       |       ||     1
       Stone Arrow       |       |       |       |     7 |       |       |       |       |       ||     7
       Conjure Flame     |       |       |       |    20 |    13 |    13 |       |       |       ||    46
       Fireball          |       |       |       |    19 |    55 |   147 |   113 |    14 |    17 ||   365
       Passwall          |       |       |       |     1 |     1 |       |     1 |       |       ||     3
       Lee's Rapid Decon |       |       |       |       |     7 |     5 |    17 |   196 |   108 ||   333
       Bolt of Magma     |       |       |       |       |   133 |   371 |   419 |    29 |       ||   952
       Regeneration      |       |       |       |       |     4 |    80 |    62 |    51 |   155 ||   352
       Iron Shot         |       |       |       |       |       |    15 |   206 |   211 |   536 ||   968
       Statue Form       |       |       |       |       |       |       |    43 |   138 |   200 ||   381
       Deflect Missiles  |       |       |       |       |       |       |     1 |     6 |    16 ||    23
       Orb of Destructio |       |       |       |       |       |       |       |     5 |   129 ||   134
       Iskenderun's Batt |       |       |       |       |       |       |       |       |    23 ||    23
       Passage of Golubr |       |       |       |       |       |       |       |       |     1 ||     1
       Lehudib's Crystal |       |       |       |       |       |       |       |       |   101 ||   101
       Conjure Ball Ligh |       |       |       |       |       |       |       |       |    15 ||    15
       Blink             |       |       |       |       |       |       |       |       |     4 ||     4
       Borgnjor's Vile C |       |       |       |       |       |       |       |       |     2 ||     2
Invok: Sacrifice Courage |       |     1 |       |       |       |       |       |       |       ||     1
       Draw Out Power    |       |       |     3 |       |       |       |       |       |       ||     3
       Sacrifice Resista |       |       |     1 |       |       |       |       |       |       ||     1
       Apocalypse        |       |       |       |     9 |     9 |     8 |     7 |     2 |    14 ||    49
       Sacrifice Artific |       |       |       |     1 |       |       |       |       |       ||     1
       Power Leap        |       |       |       |     9 |    20 |     8 |     7 |     4 |     5 ||    53
       Sacrifice Love    |       |       |       |     1 |       |       |       |       |       ||     1
Evoke: Wand              |       |       |    13 |     1 |       |       |       |       |       ||    14
  Use: Scroll            |       |    10 |     7 |    14 |    14 |    17 |     7 |    10 |    41 ||   120
       Potion            |       |       |     3 |     2 |     8 |     3 |       |       |    21 ||    37
 Stab: Sleeping          |     1 |     1 |     2 |     1 |       |       |     2 |     5 |     1 ||    13
       Distracted        |       |       |     1 |       |       |     2 |     2 |     3 |     6 ||    14
       Paralysed         |       |       |       |     7 |    25 |    13 |     6 |     2 |    20 ||    73
       Invisible         |       |       |       |       |       |     1 |     1 |       |     5 ||     7
  Eat: Chunk             |     2 |    13 |    10 |    16 |    60 |    29 |    47 |    25 |    25 ||   227
       Ration            |       |       |     3 |     8 |     9 |    19 |     5 |     6 |    25 ||    75
Armor: Skin              |     8 |     3 |     4 |     5 |     5 |     7 |    87 |   307 |   596 ||  1022
Dodge: Dodged            |    41 |    22 |    73 |   144 |   338 |   294 |   367 |   609 |  1269 ||  3157
       Deflected         |       |       |       |       |       |       |     3 |    63 |   109 ||   175
Block: Buckler           |       |       |       |       |     5 |       |       |       |       ||     5
       Shield            |       |       |       |       |   171 |   374 |   513 |   483 |       ||  1541
       Reflection        |       |       |       |       |       |    56 |   113 |    64 |    82 ||   315
       Large shield      |       |       |       |       |       |       |       |   795 |  3212 ||  4007

Table legend:
 A = Spawn XP
 B = Non-spawn XP
 C = Spawn XP percentage of total XP
 D = Spawn monster count
 E = Non-spawn monster count
 F = Spawn count percentage of total count
 G = Total turns spent on level
                    A         B        C        D         E        F      G
               +---------+---------+-------+---------+---------+-------+---------
         Total |   50505 | 1798135 |   2.7 |     119 |    2694 |   4.2 | 104133
               +---------+---------+-------+---------+---------+-------+---------
           D:1 |       0 |      20 |   0.0 |       0 |      13 |   0.0 |   568
           D:2 |       0 |     134 |   0.0 |       0 |      31 |   0.0 |  1885
           D:3 |       0 |     204 |   0.0 |       0 |      24 |   0.0 |  1292
           D:4 |       0 |     465 |   0.0 |       0 |      11 |   0.0 |  1152
           D:5 |       0 |    1928 |   0.0 |       0 |      21 |   0.0 |  1712
           D:6 |       0 |     823 |   0.0 |       0 |      31 |   0.0 |  2043
           D:7 |       0 |     922 |   0.0 |       0 |      30 |   0.0 |  2231
           D:8 |       0 |    4748 |   0.0 |       0 |      30 |   0.0 |  1649
           D:9 |       0 |    3379 |   0.0 |       0 |      25 |   0.0 |  2677
          D:10 |       0 |    2240 |   0.0 |       0 |      21 |   0.0 |  1464
          D:11 |       0 |    3497 |   0.0 |       0 |      36 |   0.0 |  1801
          D:12 |       0 |    6894 |   0.0 |       0 |      56 |   0.0 |  1713
          D:13 |       0 |   10613 |   0.0 |       0 |      42 |   0.0 |  1784
          D:14 |       0 |    8149 |   0.0 |       0 |      29 |   0.0 |  2327
          D:15 |       0 |   12033 |   0.0 |       0 |      37 |   0.0 |   992
        Lair:1 |       0 |    5096 |   0.0 |       0 |      17 |   0.0 |  3224
        Lair:2 |       0 |   15375 |   0.0 |       0 |      39 |   0.0 |  4188
        Lair:3 |       0 |    8711 |   0.0 |       0 |      34 |   0.0 |  2733
        Lair:4 |       0 |    8164 |   0.0 |       0 |      62 |   0.0 |  3131
        Lair:5 |       0 |   35479 |   0.0 |       0 |      93 |   0.0 |  3191
        Lair:6 |       0 |   22475 |   0.0 |       0 |      73 |   0.0 |  1820
       Swamp:1 |       0 |   12152 |   0.0 |       0 |      31 |   0.0 |  1349
       Swamp:2 |       0 |   19333 |   0.0 |       0 |      37 |   0.0 |  1806
       Swamp:3 |       0 |   16749 |   0.0 |       0 |      41 |   0.0 |  2768
       Swamp:4 |       0 |   21772 |   0.0 |       0 |      43 |   0.0 |  1412
       Snake:1 |       0 |   14868 |   0.0 |       0 |      24 |   0.0 |  1625
       Snake:2 |       0 |   26210 |   0.0 |       0 |      51 |   0.0 |  3051
       Snake:3 |       0 |   38139 |   0.0 |       0 |      62 |   0.0 |  1579
       Snake:4 |       0 |   58299 |   0.0 |       0 |      91 |   0.0 |  2901
       Slime:1 |       0 |   11696 |   0.0 |       0 |      19 |   0.0 |   616
       Slime:2 |       0 |   10257 |   0.0 |       0 |      26 |   0.0 |   681
       Slime:3 |       0 |   17791 |   0.0 |       0 |      14 |   0.0 |   299
       Slime:4 |       0 |   11523 |   0.0 |       0 |      21 |   0.0 |   473
       Slime:5 |       0 |   42843 |   0.0 |       0 |      35 |   0.0 |   944
         Orc:1 |       0 |    1904 |   0.0 |       0 |      21 |   0.0 |  1322
         Orc:2 |       0 |   17231 |   0.0 |       0 |      65 |   0.0 |  1543
         Elf:1 |       0 |   16872 |   0.0 |       0 |      27 |   0.0 |  1072
         Elf:2 |       0 |   47632 |   0.0 |       0 |      68 |   0.0 |  1332
         Elf:3 |       0 |   65663 |   0.0 |       0 |      60 |   0.0 |  1872
      Vaults:1 |       0 |   45221 |   0.0 |       0 |      83 |   0.0 |  2915
      Vaults:2 |       0 |   36012 |   0.0 |       0 |      53 |   0.0 |  2401
      Vaults:3 |       0 |   46184 |   0.0 |       0 |      71 |   0.0 |  2570
      Vaults:4 |       0 |  119875 |   0.0 |       0 |     136 |   0.0 |  3214
      Vaults:5 |       0 |  127696 |   0.0 |       0 |     106 |   0.0 |  1307
      Depths:1 |       0 |   76685 |   0.0 |       0 |      94 |   0.0 |  1976
      Depths:2 |       0 |   70603 |   0.0 |       0 |      72 |   0.0 |  1837
      Depths:3 |       0 |   69911 |   0.0 |       0 |     109 |   0.0 |  1521
      Depths:4 |       0 |   80945 |   0.0 |       0 |      98 |   0.0 |  1666
      Depths:5 |       0 |   62425 |   0.0 |       0 |      53 |   0.0 |  2264
         Zot:1 |       0 |   61326 |   0.0 |       0 |      38 |   0.0 |   986
         Zot:2 |       0 |   42794 |   0.0 |       0 |      28 |   0.0 |  1366
         Zot:3 |       0 |   23935 |   0.0 |       0 |      18 |   0.0 |  1249
         Zot:4 |       0 |   56725 |   0.0 |       0 |      37 |   0.0 |  1343
         Zot:5 |       0 |  227067 |   0.0 |       0 |      70 |   0.0 |  2912
       Abyss:1 |     701 |      43 |  94.2 |       3 |       1 |  75.0 |   144
       Abyss:3 |   48811 |   37763 |  56.4 |     114 |      76 |  60.0 |  1049
       Abyss:5 |     993 |       0 | 100.0 |       2 |       0 | 100.0 |    32
           Lab |       0 |    1599 |   0.0 |       0 |       2 |   0.0 |   675
        Bailey |       0 |     346 |   0.0 |       0 |      27 |   0.0 |  1074
       Volcano |       0 |    8697 |   0.0 |       0 |      31 |   0.0 |  1277
               +---------+---------+-------+---------+---------+-------+---------
